 Dungeon Crawl Stone Soup version 0.23.2-1-ga50397a (webtiles) character file.

Game seed: 15505333780484353646

4225 MalarOregon the Grappler (level 10, -7/85 (86) HPs)
             Began as a Ghoul Monk on June 2, 2019.
             Was a Priest of Makhleb.
             Mangled by a troll (10 damage)
             ... on level 8 of the Dungeon.
             The game lasted 00:24:45 (8216 turns).

MalarOregon the Grappler (Ghoul Monk)               Turns: 8216, Time: 00:24:45

HP:   -7/85 (86)    AC:  9    Str: 16    XL:     10   Next: 30%
MP:   12/12         EV: 18    Int: 10    God:    Makhleb [***...]
Gold: 71            SH:  0    Dex: 13    Spells: 4/9 levels left

rFire    . . .     SeeInvis .     - Unarmed
rCold    + . .     Gourm    .   (no shield)
rNeg     + + +     Faith    .   a - +0 robe
rPois    ∞         Spirit   .   z - +1 hat
rElec    .         Reflect  .   g - +1 cloak
rCorr    .         Harm     .   m - +2 pair of gloves
MR       .....                  c - +0 pair of boots
Stlth    +++++.....             (no amulet)
HPRegen  0.00/turn              j - ring of stealth
MPRegen  0.13/turn              w - ring "Orcho" {EV+5 Int+4}

@: rotting, hasted, very quick
A: rotting body, claws 1, carnivore, cold resistance 1, negative energy
resistance 3, inhibited regeneration, torment resistance, unbreathing
a: Minor Destruction, Lesser Servant of Makhleb, Renounce Religion


You were on level 8 of the Dungeon.
You worshipped Makhleb.
Makhleb was most pleased with you.
You were not hungry.

You visited 2 branches of the dungeon, and saw 10 of its levels.

You collected 324 gold pieces.
You spent 253 gold pieces at shops.

Inventory:

Armour
 a - a +0 robe (worn)
 c - a +0 pair of boots (worn)
   (You found it on level 6 of the Dungeon)
 g - a +1 cloak (worn)
   (You found it on level 1 of the Dungeon)
 m - a +2 pair of gloves (worn)
   (You found it on level 2 of the Dungeon)
 z - a +1 hat (worn)
   (You found it on level 6 of the Dungeon)
Jewellery
 j - a ring of stealth (left hand)
   (You found it on level 1 of the Dungeon)
 r - an uncursed ring of fire
   (You found it on level 3 of the Dungeon)
 w - the ring "Orcho" (right hand) {EV+5 Int+4}
   (You found it on level 5 of the Dungeon)

   [ring of evasion]

   It affects your evasion (+5).
   It affects your intelligence (+4).
 y - an uncursed ring of ice {unknown}
   (You found it on level 8 of the Dungeon)
 A - the ring "Etuaga" {rC+ Str+3}
   (You found it on level 6 of the Dungeon)

   [ring of protection from cold]

   It affects your strength (+3).
   It protects you from cold.
Wands
 h - a wand of polymorph (5)
   (You took it off Ijyb on level 3 of the Dungeon)
 n - a wand of enslavement (9)
   (You bought it in a shop on level 6 of the Dungeon)
Scrolls
 d - 4 scrolls of teleportation {@r4}
 i - 4 scrolls of remove curse {@r2}
 l - 2 scrolls of fog
 q - a scroll of noise {!r}
 t - 4 scrolls of identify {@r1}
 v - a scroll of immolation {!r}
Potions
 f - 3 potions of brilliance
 k - a potion of magic
 p - 2 potions of flight
 s - a potion of haste {@q3}
 u - 2 potions of curing {@q1}
Comestibles
 e - 15 rations {!d}


   Skills:
 + Level 7.6 Fighting
 - Level 3.0 Dodging
 + Level 7.8 Stealth
 * Level 10.3 Unarmed Combat
 + Level 5.7 Earth Magic
 + Level 5.1 Invocations


You had 4 spell levels left.
You knew the following spells:

 Your Spells              Type           Power        Failure   Level  Hunger
a - Lee's Rapid Deconstr  Erth           ##........   71%         5    ######.

Your spell library contained the following spells:

 Spells                   Type           Power        Failure   Level  Hunger
 Sandblast                Erth           ##....       3%          1    ##.....
 Passwall                 Tmut/Erth      #.......     19%         2    ###....
 Stone Arrow              Conj/Erth      #.....       34%         3    ####...
 Animate Skeleton         Necr           N/A          36%         1    ##.....
 Apportation              Tloc           #.....       36%         1    ##.....
 Confusing Touch          Hex            #.....       36%         1    ##.....
 Summon Small Mammal      Summ           #...         36%         1    ##.....
 Petrify                  Tmut/Erth      #.......     75%         4    #####..


Dungeon Overview and Level Annotations

Branches:
Dungeon (9/15)             Temple (1/1) D:6            Lair (0/6) D:8
    Orc: D:9-12

Altars:
Ashenzari
Cheibriados
Dithmenos
Elyvilon
Fedhas
Gozag
Hepliaklqana
Kikubaaqudgha
Makhleb
Nemelex Xobeh
Okawaru
Qazlal
Ru
Sif Muna
Trog
Uskayaw
Vehumet
Wu Jian
Xom
Yredelemnul
Zin
The Shining One

Shops:
D:5 (}=[   D:6 *%%[

Annotations:
D:2 Sigmund
D:3 1 runed translucent door, Crazy Yiuf
D:4 Dowan, Duvessa


Innate Abilities, Weirdness & Mutations

Your body is rotting away.
You thrive on raw meat.
You are immune to poison.
You have sharp fingernails.
You are carnivorous and can eat meat at any time.
Your flesh is cold resistant. (rC+)
You are immune to negative energy. (rN+++)
You do not regenerate when monsters are visible.
You are immune to unholy pain and torment.
You can survive without breathing.


Message History

You closely miss the killer bee. The killer bee completely misses you.
The killer bee closely misses you. The killer bee misses you.
The killer bee closely misses you.
You barely miss the killer bee. The killer bee misses you.
The killer bee closely misses you. x2
You hit the killer bee. The killer bee barely misses you.
The killer bee misses you. The killer bee closely misses you.
You hit the killer bee. The killer bee closely misses you.
The killer bee barely misses you. x3
You punch the killer bee!
You kill the killer bee!
Makhleb accepts your kill. The killer bee completely misses you.
The killer bee stings you but does no damage.
You hit the killer bee but do no damage.
The killer bee misses you.
You closely miss the killer bee.
The killer bee stings you but does no damage.
The killer bee completely misses you.
You punch the killer bee! You punch the killer bee.
The killer bee barely misses you.
You closely miss the killer bee. The killer bee completely misses you.
The killer bee stings you but does no damage.
You miss the killer bee. The killer bee stings you!
* * * LOW HITPOINT WARNING * * *
The killer bee stings you but does no damage.
Okay, then.
You miss the killer bee. The killer bee closely misses you.
You miss the killer bee. The killer bee barely misses you.
The killer bee misses you.
You barely miss the killer bee. The killer bee barely misses you.
You punch the killer bee!
You kill the killer bee!
Makhleb accepts your kill.
You climb downwards.
The troll bites you!
* * * LOW HITPOINT WARNING * * *
The troll claws you!
* * * LOW HITPOINT WARNING * * *
The troll misses you. The troll barely misses you. The troll claws you.
* * * LOW HITPOINT WARNING * * *
The troll misses you.
There is a stone staircase leading up here.
The troll barely misses you. x2; The troll closely misses you.
You climb upwards.
There is a stone staircase leading down here.
Okay, then.
You feel yourself speed up. The troll closely misses you. The troll claws you!
* * * LOW HITPOINT WARNING * * *
The troll claws you!
You die...

.....# #.# #####
[....# #.# .>...#
#.# ###########
.....# #.#
#.........# ##.###
##.######.#######.#
#[# #........(# #)#
#.# #..######## #.#
##.## #..#########
#.# ....#
##.....>T@..# #)#
##..# #>.########.#
#)# #..## #.[## #.#
#(#
#...###...#######.#
#(##
#.................#
#..#
#...###...#########
##.# ##..# ##...#
#.# #..# ###.# #[#
#..# #.#### #.#


You could see a troll.

Vanquished Creatures
  Pikel (D:6)
  A hornet (D:8)
  Grinder (D:6)
  A hippogriff (D:8)
  2 soldier ants (D:8)
  2 ice beasts
  A slave (D:7)
  A necrophage (D:7)
  2 phantoms
  2 sky beasts (D:8)
  2 ogres
  A big kobold (D:8)
  Blork the orc (D:6)
  4 bullfrogs
  A wyvern zombie (D:7)
  A water moccasin skeleton (D:8)
  A scorpion (D:6)
  10 killer bees
  A howler monkey (D:6)
  5 crimson imps
  A centaur zombie (D:7)
  2 hounds
  2 jellies (D:5)
  5 orc priests
  2 bullfrog skeletons
  Ijyb (D:3)
  5 orc wizards
  7 worker ants
  A killer bee zombie (D:8)
  A hound zombie (D:7)
  A worker ant zombie (D:6)
  6 adders
  2 shadow imps
  4 worms (D:2)
  2 dart slugs (D:1)
  4 leopard geckos
  18 orcs
  2 ball pythons
  5 bats
  3 giant cockroaches
  4 goblins
  3 hobgoblins (D:2)
  10 kobolds
  2 quokkas
  3 frilled lizards
  A jackal skeleton (D:6)
  A leopard gecko skeleton (D:4)
  20 rats
159 creatures vanquished.

Vanquished Creatures (collateral kills)
  A hornet (D:8)
  A shadow imp (D:8)
2 creatures vanquished.

Vanquished Creatures (others)
  A slave (D:7)
1 creature vanquished.

Grand Total: 162 creatures vanquished

Notes
Turn   | Place    | Note
-------+----------+-------------------------------------------
     0 | D:1      | MalarOregon the Ghoul Monk began the quest for the Orb.
     0 | D:1      | Reached XP level 1. HP: 19/19 MP: 0/0
   170 | D:1      | Reached XP level 2. HP: 18/26 MP: 1/1
   432 | D:1      | You fall through a shaft!
   532 | D:2      | Reached XP level 3. HP: 29/31 MP: 2/2
  1046 | D:2      | Reached skill level 4 in Unarmed Combat
  1047 | D:2      | Noticed Sigmund
  1509 | D:3      | Found a runed translucent door.
  1510 | D:3      | Noticed Crazy Yiuf
  1525 | D:3      | Noticed Ijyb
  1634 | D:3      | Reached XP level 4. HP: 39/39 MP: 3/3
  1780 | D:2      | HP: 2/40 [orc priest/+0 hand axe (4)]
  2012 | D:3      | Reached XP level 5. HP: 40/46 MP: 4/4
  2909 | D:3      | Killed Ijyb
  2909 | D:3      | Reached skill level 5 in Unarmed Combat
  3025 | D:3      | Reached XP level 6. HP: 33/53 MP: 5/5
  3542 | D:4      | Learned a level 5 spell: Lee's Rapid Deconstruction
  3582 | D:4      | Reached skill level 6 in Unarmed Combat
  3678 | D:4      | Noticed Duvessa
  3678 | D:4      | Noticed Dowan
  3700 | D:4      | Reached XP level 7. HP: 33/60 MP: 6/6
  3816 | D:4      | Found a burning altar of Makhleb.
  3820 | D:4      | Became a worshipper of Makhleb the Destroyer
  3820 | D:4      | Reached * piety under Makhleb
  3820 | D:4      | Reached ** piety under Makhleb
  3830 | D:4      | Found a sacrificial altar of Ru.
  3924 | D:5      | Entered Level 5 of the Dungeon
  3933 | D:5      | Got a slimy amber ring
  3939 | D:5      | Found Nuofupp's Weapon Shoppe.
  3945 | D:5      | Reached skill level 1 in Earth Magic
  3952 | D:5      | Reached skill level 5 in Fighting
  4076 | D:5      | Reached skill level 5 in Stealth
  4278 | D:5      | Found Qimots's Jewellery Emporium.
  4286 | D:5      | Found Iqigen's Gadget Shoppe.
  4588 | D:5      | Found Xoaz's Armour Emporium.
  4789 | D:6      | Found a staircase to the Ecumenical Temple.
  4792 | Temple   | Entered the Ecumenical Temple
  5038 | D:6      | Found a radiant altar of Vehumet.
  5041 | D:6      | Found a hide-covered altar of Uskayaw.
  5051 | D:6      | Reached skill level 7 in Unarmed Combat
  5089 | D:6      | Found Fieloloc's Food Shop.
  5101 | D:6      | Found Kairyf's Assorted Antiques.
  5109 | D:6      | Bought a scroll labeled YCSIFFELEVAE for 23 gold pieces
  5109 | D:6      | Bought a short gold wand for 92 gold pieces
  5109 | D:6      | Bought a tubular bronze ring for 115 gold pieces
  5109 | D:6      | Bought a scroll labeled LEYSUD PISOXUA for 23 gold pieces
  5179 | D:6      | Noticed Grinder
  5191 | D:6      | Killed Grinder
  5191 | D:6      | Reached skill level 1 in Invocations
  5191 | D:6      | Reached XP level 8. HP: 57/67 MP: 6/8
  5255 | D:6      | Noticed Blork the orc
  5517 | D:6      | Found a shadowy altar of Dithmenos.
  5521 | D:6      | Found a hazy altar of Hepliaklqana.
  5574 | D:6      | Found Feadere's Food Emporium.
  5602 | D:6      | Killed Blork the orc
  5678 | D:6      | Got a sparkling bronze ring
  5684 | D:6      | Identified the ring "Orcho" {EV+5 Int+4} (You found it on
                  | level 5 of the Dungeon)
  5686 | D:6      | Identified the ring "Etuaga" {rC+ Str+3} (You found it on
                  | level 6 of the Dungeon)
  5773 | D:6      | Found Daclih Vaew's Armour Emporium.
  6143 | D:6      | Found a snail-covered altar of Cheibriados.
  6196 | D:6      | Found a shadowy altar of Dithmenos.
  6196 | D:6      | Found a hazy altar of Hepliaklqana.
  6211 | D:6      | Found Fieloloc's Food Shop.
  6219 | D:6      | Found Kairyf's Assorted Antiques.
  6319 | D:7      | Reached skill level 8 in Unarmed Combat
  6614 | D:7      | Noticed a two-headed ogre
  6642 | D:6      | Reached XP level 9. HP: 43/75 MP: 10/10
  6724 | D:7      | Noticed Pikel
  6818 | D:6      | Killed Pikel
  6818 | D:6      | Reached skill level 9 in Unarmed Combat
  6954 | D:7      | Noticed a wolf spider
  6954 | D:7      | a two-headed ogre changed into a wolf spider
  6966 | D:7      | HP: 2/78 [wolf spider (6)]
  7305 | D:7      | Noticed a storm dragon
  7305 | D:7      | a wolf spider changed into a storm dragon
  7484 | D:8      | Reached *** piety under Makhleb
  7533 | D:8      | Found a staircase to the Lair.
  7548 | D:8      | Found an iron altar of Okawaru.
  7618 | D:8      | Reached skill level 5 in Earth Magic
  7798 | D:8      | Reached XP level 10. HP: 85/86 MP: 12/12
  7841 | D:8      | Reached skill level 10 in Unarmed Combat
  7897 | D:8      | Reached skill level 5 in Invocations
  8152 | D:9      | Found a hide-covered altar of Uskayaw.
  8216 | D:8      | HP: 3/85 [troll (9)]
  8216 | D:8      | Mangled by a troll

Skill      XL: |  1  2  3  4  5  6  7  8  9 10 |
---------------+-------------------------------+-----
Dodging        | 3 |  3.0
Unarmed Combat | 4 5 6 7 8 9 10 | 10.3
Stealth        | 3 4 5 6 7 |  7.8
Fighting       | 4 5 6 7 |  7.6
Earth Magic    | 2 3 5 |  5.7
Invocations    | 1 2 4 5 |  5.1

Action                   |  1- 3 |  4- 6 |  7- 9 | 10-12 || total
-------------------------+-------+-------+-------+-------++-------
Melee: Unarmed           |   142 |   213 |   395 |    91 ||   841
       Punch             |     1 |     2 |    20 |     8 ||    31
Invok: Lesser Servant of |       |       |       |     2 ||     2
Evoke: Wand              |       |       |     3 |       ||     3
  Use: Potion            |       |     4 |     2 |     2 ||     8
       Scroll            |       |       |    24 |     1 ||    25
 Stab: Sleeping          |     8 |     6 |    19 |     2 ||    35
       Distracted        |       |       |     2 |       ||     2
  Eat: Chunk             |    12 |    15 |    29 |     4 ||    60
       Ration            |       |       |     1 |       ||     1
Armor: Robe              |    34 |    47 |    91 |    22 ||   194
Dodge: Dodged            |    93 |   114 |   333 |   116 ||   656
